[Event "fics rated crazyhouse match"]
[Site "fics, Oklahoma City, OK USA"]
[Date "2000.02.11"]
[White "XXNoWay"]
[WhiteElo "2284"]
[Black "Tecumseh"]
[BlackElo "2259"]
[TimeControl "180+0"]
[Result "1-0"]

1. e4 Nc6 2. Nc3 Nf6 3. Nf3 d5 4. e5 Ne4 5. Bb5 Bg4 6. O-O 
e6 7. h3 Bh5 8. Bxc6+ bxc6 9. N@f4 Nxc3 10. dxc3 Bxf3 11. Qxf3 B@e4 
12. Qg3 N@h5 13. Nxh5 N@e2+ 14. Kh2 Nxg3 15. fxg3 Bxg2 16. Kxg2 Q@e2+ 17. Rf2 
Qxh5 18. B@g4 N@e1+ 19. Kg1 Qg6 20. B@h5 Bc5 21. N@d4 Bxd4 22. cxd4 N@f3+ 
23. Bxf3 Qxg3+ 24. B@g2 Nxf3+ 25. Rxf3 P@f2+ 26. Kf1 B@a6+ 27. N@d3 Bxd3+ 28. cxd3 
N@h2+ 29. Ke2 f1=Q+ 30. Bxf1 Qxf3+ 31. Bxf3 Nxf3 32. Kxf3 P@e4+ 33. Ke2 B@f3+ 
34. Kd2 R@d1+ 35. Kc3 exd3 36. B@g5 Qd7 37. N@c5 P@b4+ 38. Kxb4 Rb8+ 39. P@b7 
a5+ 40. Ka3 Rxb7 41. Nxd7 P@b4+ 42. Ka4 Rxc1 43. Q@d8# 
{Tecumseh checkmated} 1-0

[Event "fics rated crazyhouse match"]
[Site "fics, Oklahoma City, OK USA"]
[Date "2000.02.11"]
[White "Tecumseh"]
[WhiteElo "2252"]
[Black "XXNoWay"]
[BlackElo "2291"]
[TimeControl "180+0"]
[Result "1-0"]

1. e4 d6 2. Bc4 e5 3. Bxf7+ Kxf7 4. d4 exd4 5. Nf3 Be7 6. Nxd4 
P@e5 7. P@e6+ Kf8 8. P@h6 gxh6 9. Qh5 B@g6 10. Bxh6+ Nxh6 11. Qxh6+ B@g7 
12. Qxg7+ Kxg7 13. P@h6+ Kxh6 14. Nf5+ Bxf5 15. exf5 Q@e4+ 16. B@e3+ P@f4 17. N@f7+ 
Kh5 18. B@f3+ P@g4 19. Bxe4 Qf8 20. h3 
{XXNoWay resigns} 1-0

[Event "fics rated crazyhouse match"]
[Site "fics, Oklahoma City, OK USA"]
[Date "2000.02.11"]
[White "XXNoWay"]
[WhiteElo "2282"]
[Black "Tecumseh"]
[BlackElo "2261"]
[TimeControl "180+0"]
[Result "0-1"]

1. e4 Nc6 2. Nc3 Nf6 3. Nf3 d5 4. e5 Ne4 5. Bb5 Bg4 6. O-O 
e6 7. h3 Bh5 8. d4 Be7 9. Bxc6+ bxc6 10. N@f4 Bxf3 11. Qxf3 Ng5 
12. Qh5 B@g6 13. Qg4 h5 14. Qe2 Bf5 15. B@d3 N@e4 16. Bxe4 dxe4 17. N@h4 
B@f3 18. gxf3 exf3 19. Nxf3 Nxh3+ 20. Nxh3 Bxh3 21. B@b7 Bxf1 22. Qxf1 P@g4 
23. Nh2 N@h3+ 24. Kh1 R@g1+ 25. Qxg1 Nxg1 26. Kxg1 P@f3 27. Bxc6+ Kf8 28. N@f4 
Q@f5 29. R@d7 Qxd7 30. Bxd7 R@g2+ 31. Nxg2 fxg2 32. P@b7 N@h3+ 33. Kxg2 Qxf2# 
{XXNoWay resigns} 0-1

[Event "fics rated crazyhouse match"]
[Site "fics, Oklahoma City, OK USA"]
[Date "2000.02.11"]
[White "Tecumseh"]
[WhiteElo "2269"]
[Black "XXNoWay"]
[BlackElo "2274"]
[TimeControl "180+0"]
[Result "1-0"]

1. e4 d6 2. d4 Nf6 3. Nc3 Bg4 4. f3 Bd7 5. Bc4 Nc6 6. Nge2 
e5 7. d5 Ne7 8. O-O Ng6 9. f4 Be7 10. f5 Nf4 11. Nxf4 exf4 
12. Bxf4 Nh5 13. Qxh5 N@f6 14. Qe2 a6 15. P@e6 b5 16. exd7+ Nxd7 17. Nxb5 
axb5 18. Bxb5 N@d4 19. Qd3 Nxb5 20. P@e6 P@a6 21. exd7+ Kf8 22. P@h6 Rg8 
23. hxg7+ Rxg7 24. B@h6 B@d4+ 25. Qxd4 Nxd4 26. Bxg7+ Kxg7 27. N@h5# 
{XXNoWay resigns} 1-0

[Event "fics rated crazyhouse match"]
[Site "fics, Oklahoma City, OK USA"]
[Date "2000.02.11"]
[White "venomous"]
[WhiteElo "2489"]
[Black "XXNoWay"]
[BlackElo "2266"]
[TimeControl "60+0"]
[Result "1-0"]

1. e4 e6 2. d4 Nf6 3. Bd3 d5 4. e5 Ne4 5. Nh3 Nc6 6. Be3 
Bb4+ 7. c3 Be7 8. O-O O-O 9. Qc2 f5 10. exf6 Bxf6 11. f3 Ng5 
12. Bxg5 Bxg5 13. Bxh7+ Kh8 14. N@g6+ Kxh7 15. Nxf8+ Kg8 16. P@h7+ Kxf8 17. h8=Q+ 
B@g8 18. P@h7 B@e3+ 19. Kh1 P@e2 20. hxg8=Q+ Ke7 21. Qxd8+ Nxd8 22. Q@f8+ Kd7 
23. B@e8# 
{XXNoWay checkmated} 1-0

[Event "fics rated crazyhouse match"]
[Site "fics, Oklahoma City, OK USA"]
[Date "2000.02.11"]
[White "XXNoWay"]
[WhiteElo "2263"]
[Black "venomous"]
[BlackElo "2492"]
[TimeControl "60+0"]
[Result "0-1"]

1. e4 e6 2. Nc3 Nc6 3. Nf3 Bb4 4. Bb5 Nf6 5. d3 d5 6. e5 
Ng4 7. O-O O-O 8. Bxc6 bxc6 9. Bg5 B@e7 10. Bxe7 Bxe7 11. N@h5 Rb8 
12. Nxg7 B@h6 13. Nh5 Rxb2 14. B@f6 Bxf6 15. Nxf6+ Nxf6 16. exf6 Qxf6 17. B@e5 
Qxe5 18. Nxe5 B@f6 19. Qg4+ B@g7 20. P@g5 Bhxg5 21. N@h5 P@f5 22. Qxg5 Bxg5 
23. Nxg7 N@e2+ 24. Kh1 P@h3 25. B@f3 P@g4 26. Nh5 Bh6 27. B@g7 Bxg7 28. Nxg7 
gxf3 29. Nxf3 hxg2+ 30. Kxg2 Nf4+ 31. Kg3 Ne2+ 32. Kg2 P@h3+ 33. Kxh3 Q@g4# 
{XXNoWay checkmated} 0-1

[Event "fics rated crazyhouse match"]
[Site "fics, Oklahoma City, OK USA"]
[Date "2000.02.11"]
[White "venomous"]
[WhiteElo "2495"]
[Black "XXNoWay"]
[BlackElo "2260"]
[TimeControl "60+0"]
[Result "1-0"]

1. e4 d6 2. d4 Nf6 3. Bd3 Bg4 4. f3 Bd7 5. Be3 Nc6 6. Ne2 
e5 7. d5 Nb4 8. O-O Nxd3 9. cxd3 Be7 10. Nd2 O-O 11. Rc1 c6 
12. dxc6 bxc6 13. P@h6 gxh6 14. Bxh6 P@g7 15. Bxg7 Kxg7 16. P@g5 Nh5 17. N@g3 
Nxg3 18. Nxg3 Bxg5 19. N@f5+ Kg8 20. P@g7 Re8 21. Nc4 B@c5+ 22. d4 exd4 
23. Ncxd6 Bxd6 24. Nxd6 B@e3+ 25. P@f2 Bxc1 26. Nxe8 Bxe8 27. B@e5 f6 28. Qxd4 
Qxd4 29. Bxd4 N@g6 30. Nf5 N@h3+ 31. Kh1 P@e3 32. R@h8+ Kf7 33. g8=Q# 
{XXNoWay checkmated} 1-0

[Event "fics rated crazyhouse match"]
[Site "fics, Oklahoma City, OK USA"]
[Date "2000.02.11"]
[White "XXNoWay"]
[WhiteElo "2257"]
[Black "venomous"]
[BlackElo "2498"]
[TimeControl "60+0"]
[Result "0-1"]

1. e4 e6 2. Nc3 Nc6 3. Nf3 Bb4 4. Bb5 Nf6 5. d3 O-O 6. O-O 
d5 7. exd5 exd5 8. P@h6 gxh6 9. Bxh6 Ng4 10. Bxf8 Qxf8 11. Bxc6 bxc6 
12. P@h3 P@g7 13. hxg4 Bxg4 14. R@g3 B@h5 15. N@e5 Bxf3 16. Rxf3 Bxc3 17. B@g4 
Bxe5 18. Bxh5 P@g6 19. Bg4 P@f5 20. Bxf5 gxf5 21. Rxf5 B@d6 22. f4 Bd4+ 
23. Kh1 B@g6 24. Qg4 Bxf5 25. N@h6+ Kh8 26. Nxf5 R@g1# 
{XXNoWay resigns} 0-1

[Event "fics rated crazyhouse match"]
[Site "fics, Oklahoma City, OK USA"]
[Date "2000.02.11"]
[White "venomous"]
[WhiteElo "2501"]
[Black "XXNoWay"]
[BlackElo "2254"]
[TimeControl "60+0"]
[Result "0-1"]

1. e4 d6 2. d4 Nf6 3. Bd3 Nc6 4. Be3 Bg4 5. f3 Bd7 6. Ne2 
e6 7. O-O Be7 8. Nbc3 O-O 9. d5 Ne5 10. dxe6 fxe6 11. Bd4 Nxd3 
12. cxd3 e5 13. Bf2 B@f4 14. Nxf4 exf4 15. B@g5 P@e3 16. Bxe3 fxe3 17. Bxe3 
N@h4 18. N@g5 Nxg2 19. P@f7+ Rxf7 20. Nxf7 Kxf7 21. Qe2 Nxe3 22. Qxe3 N@h3+ 
23. Kh1 B@f4 24. Qxf4 Nxf4 25. N@g5+ Kg8 26. P@f7+ Kh8 27. P@g2 P@h3 28. R@g3 
hxg2+ 29. Rxg2 Nxg2 30. B@f5 Ne3 31. P@g2 Bxf5 32. exf5 P@h3 33. Nxh3 Nxf1 
34. Rxf1 Q@d2 35. N@e6 R@e1 36. Rxe1 Qxe1+ 37. B@g1 P@f2 38. Nxf2 Qxf2 39. R@g8+ 
Qxg8 40. fxg8=Q+ Kxg8 41. P@f7+ Kxf7 42. Ng5+ Ke8 43. P@f7+ Kf8 
{venomous forfeits on time} 0-1

[Event "fics rated crazyhouse match"]
[Site "fics, Oklahoma City, OK USA"]
[Date "2000.02.11"]
[White "XXNoWay"]
[WhiteElo "2267"]
[Black "venomous"]
[BlackElo "2488"]
[TimeControl "60+0"]
[Result "1-0"]

1. e4 e6 2. Nc3 Nf6 3. Nf3 Bb4 4. e5 Ng4 5. Bb5 a6 6. Be2 
Nc6 7. O-O Bxc3 8. dxc3 Ngxe5 9. Nxe5 Nxe5 10. B@d4 P@f6 11. N@h5 Rg8 
12. Bd3 N@f5 13. Bxf5 exf5 14. Qe2 B@e6 15. Bxe5 fxe5 16. Qxe5 B@f6 17. Qg3 
N@e4 18. Qe3 d5 19. P@g5 d4 20. gxf6 dxe3 21. Bxe3 gxf6 22. N@g7+ Ke7 
23. B@a3+ P@d6 24. f3 Q@e2 25. fxe4 Qxe3+ 26. P@f2 Qxe4 27. N@g3 Qc6 28. N@d4 
Qcd7 29. N3xf5+ Bxf5 30. Ngxf5+ Qxf5 31. Nxf5+ Bxf5 32. B@g3 B@e4 33. f3 Bc6 
34. Q@e3+ P@e6 35. Nxf6 Kxf6 36. P@g5+ Ke7 37. P@f6+ Kd7 38. Baxd6 cxd6 39. P@e7 
Qc7 40. Rad1 N@d5 41. Bxd6 Qxd6 42. Rxd5 Bxd5 43. N@e5+ Qxe5 44. Qxe5 B@c5+ 
45. P@d4 B@d6 46. Q@d8+ Raxd8 47. exd8=Q+ Rxd8 48. Qxd6+ Bxd6 49. B@a4+ P@b5 50. R@c7+ 
Bxc7 51. Bxb5+ Kc8 52. g3 Kb8 53. Kf2 N@e2 54. P@a7# 
{venomous forfeits on time} 1-0

[Event "fics rated crazyhouse match"]
[Site "fics, Oklahoma City, OK USA"]
[Date "2000.02.11"]
[White "venomous"]
[WhiteElo "2476"]
[Black "XXNoWay"]
[BlackElo "2279"]
[TimeControl "60+0"]
[Result "1-0"]

1. e4 e6 2. d4 d5 3. e5 Ne7 4. Nh3 Nf5 5. Be2 Be7 6. Be3 
Nc6 7. O-O O-O 8. Nc3 Nxe3 9. fxe3 B@g5 10. Qd2 Nxd4 11. Qxd4 c5 
12. Qd2 d4 13. Ne4 Bxe3+ 14. Qxe3 dxe3 15. Rad1 P@f2+ 16. Nhxf2 exf2+ 17. Nxf2 
N@d4 18. B@h5 P@g6 19. P@f6 gxh5 20. fxe7 Nxe2+ 21. Kh1 Qxe7 22. B@d6 P@h3 
23. Nxh3 B@d5 24. Rxd5 B@e4 25. B@f3 Bxf3 26. Rxf3 Q@e1+ 27. N@g1 Nxg1 28. Nxg1 
B@f1 29. Rxf1 Qxf1 30. B@g3 R@c1 31. B@f2 N@e4 32. Bxe7 Nxg3+ 33. hxg3 Qxg1+ 
34. Bxg1 Rxg1+ 35. Kxg1 B@e3+ 36. P@f2 Bxf2+ 37. Kf1 N@e3+ 38. Ke2 Nxd5 39. N@h6+ 
gxh6 40. R@g7+ Kxg7 41. P@f6+ Kg6 42. N@h4+ Kg5 43. N@f3+ Kg4 44. Q@h3# 
{XXNoWay checkmated} 1-0

[Event "fics rated crazyhouse match"]
[Site "fics, Oklahoma City, OK USA"]
[Date "2000.02.11"]
[White "XXNoWay"]
[WhiteElo "2275"]
[Black "venomous"]
[BlackElo "2480"]
[TimeControl "60+0"]
[Result "0-1"]

1. e4 e6 2. Nc3 Nf6 3. Nf3 Bb4 4. e5 Ng4 5. Bb5 a6 6. Be2 
Nc6 7. d4 Bxc3+ 8. bxc3 Nxf2 9. Kxf2 N@e4+ 10. Kf1 Nxc3 11. Qd3 Nxe2 
12. Qxe2 P@g4 13. B@h4 gxf3 14. Qxf3 Qxh4 15. N@g5 B@f5 16. N@h5 B@f8 17. P@f6 
P@e4 18. fxg7 exf3 19. Nf6+ Kd8 20. Nxf7+ Ke7 21. gxf8=Q+ Rxf8 22. Nd5+ exd5 
23. B@f6+ Kxf7 24. Bxh4 Q@e2+ 25. Kg1 Qxg2# 
{XXNoWay checkmated} 0-1

[Event "fics rated crazyhouse match"]
[Site "fics, Oklahoma City, OK USA"]
[Date "2000.02.11"]
[White "venomous"]
[WhiteElo "2484"]
[Black "XXNoWay"]
[BlackElo "2271"]
[TimeControl "60+0"]
[Result "1-0"]

1. e4 e6 2. d4 Nf6 3. Bd3 d5 4. e5 Ne4 5. Nh3 Nc6 6. Be3 
Bb4+ 7. c3 Be7 8. O-O O-O 9. Qc2 Ng5 10. Bxg5 Bxg5 11. Bxh7+ Kh8 
12. P@f6 Bxf6 13. exf6 Qxf6 14. B@g5 B@e7 15. Bxf6 Bxf6 16. N@g4 B@e7 17. Bg8 
{XXNoWay resigns} 1-0

[Event "fics rated crazyhouse match"]
[Site "fics, Oklahoma City, OK USA"]
[Date "2000.02.11"]
[White "XXNoWay"]
[WhiteElo "2267"]
[Black "venomous"]
[BlackElo "2488"]
[TimeControl "60+0"]
[Result "1-0"]

1. e4 e6 2. Nc3 Nc6 3. Nf3 Bb4 4. Bb5 Nf6 5. Bxc6 dxc6 6. d3 
B@h5 7. O-O O-O 8. Bg5 Be7 9. Bxf6 Bxf6 10. N@f4 B@g4 11. Nxh5 Bxh5 
12. N@f4 Bxf3 13. Qxf3 N@e5 14. Qe2 N@d4 15. Qh5 Ng6 16. Nxg6 fxg6 17. Qg4 
e5 18. Qd1 N@f4 19. B@c4+ Be6 20. Bxe6+ Ndxe6 21. B@c4 B@d4 22. B@b3 Qe7 
23. Bxe6+ Nxe6 24. N@f3 Rae8 25. Nxd4 exd4 26. B@c4 B@d7 27. Bxe6+ Bxe6 28. Bxe6+ 
Qxe6 29. B@c4 Qxc4 30. dxc4 dxc3 31. N@g4 cxb2 32. N@h6+ gxh6 33. Nxh6+ Kg7 
34. P@f7 Rxf7 35. Nxf7 bxa1=Q 36. Q@h6+ Kxf7 37. Qd7+ R@e7 38. Qxh7+ B@g7 39. P@e6+ 
Kf8 40. R@g8# 
{venomous checkmated} 1-0

[Event "fics rated crazyhouse match"]
[Site "fics, Oklahoma City, OK USA"]
[Date "2000.02.11"]
[White "venomous"]
[WhiteElo "2476"]
[Black "XXNoWay"]
[BlackElo "2279"]
[TimeControl "60+0"]
[Result "0-1"]

1. e4 d6 2. d4 Nf6 3. Bd3 Nc6 4. Be3 Bg4 5. f3 Bd7 6. Ne2 
e6 7. O-O Be7 8. Nbc3 O-O 9. Qd2 Nh5 10. Rae1 f5 11. d5 exd5 
12. exd5 Ne5 13. P@e6 Nxd3 14. cxd3 f4 15. Nxf4 Nxf4 16. Bxf4 P@e5 17. P@f7+ 
Kh8 18. Bg3 B@d4+ 19. Kh1 N@f5 20. N@e2 Nxg3+ 21. Nxg3 B@f4 22. Qe2 Bxg3 
23. hxg3 Bh4 24. gxh4 Qxh4+ 25. B@h3 N@g3+ 26. Kh2 Nxf1+ 27. Qxf1 P@g3+ 28. Kh1 
R@h2# 
{venomous checkmated} 0-1

[Event "fics rated crazyhouse match"]
[Site "fics, Oklahoma City, OK USA"]
[Date "2000.02.11"]
[White "XXNoWay"]
[WhiteElo "2291"]
[Black "venomous"]
[BlackElo "2464"]
[TimeControl "60+0"]
[Result "0-1"]

1. e4 e6 2. Nc3 Nc6 3. Nf3 Bb4 4. Bb5 Nf6 5. e5 Ng4 6. Bxc6 
dxc6 7. d4 B@d5 8. O-O O-O 9. Ng5 Nxh2 10. Kxh2 Bxc3 11. bxc3 P@h6 
12. Nh3 N@f5 13. N@f4 c5 14. Nxd5 exd5 15. B@g4 cxd4 16. cxd4 N@c3 17. Qf3 
P@e2 18. Re1 Nxd4 19. Qxc3 Bxg4 20. Qxd4 Bxh3 21. B@h5 N@f1+ 22. Kh1 Bxg2+ 
23. Kxg2 P@d2 24. Bxd2 Nxd2 25. Qxd2 B@f1+ 26. Rxf1 exf1=Q+ 27. Rxf1 R@g5+ 28. P@g4 
P@e4 29. N@f5 B@f3+ 30. Kh2 Rxf5 31. gxf5 Qh4+ 32. B@h3 Qxh5 33. N@e7+ Kh8 
34. N@g3 N@g4+ 35. Kg1 Qxh3 36. N@f4 Qh2# 
{XXNoWay checkmated} 0-1

[Event "fics rated crazyhouse match"]
[Site "fics, Oklahoma City, OK USA"]
[Date "2000.02.11"]
[White "venomous"]
[WhiteElo "2468"]
[Black "XXNoWay"]
[BlackElo "2287"]
[TimeControl "60+0"]
[Result "1-0"]

1. e4 d5 2. exd5 Qxd5 3. Nc3 Qd8 4. Nf3 Nf6 5. Bb5+ Nc6 6. O-O 
Bg4 7. P@a6 bxa6 8. Bxc6+ P@d7 9. Bxa8 Qxa8 10. N@e5 B@d6 11. Nxg4 Nxg4 
12. B@e4 P@c6 13. d4 h5 14. d5 Nxh2 15. dxc6 dxc6 16. P@d7+ Kxd7 17. Ne5+ 
Ke8 18. Bxc6+ Qxc6 19. R@c8+ B@d8 20. Rxd8+ Kxd8 21. Nxc6+ Kd7 22. Ne5+ Ke6 
23. Q@d7+ Kxe5 24. B@d4# 
{XXNoWay checkmated} 1-0

[Event "fics rated crazyhouse match"]
[Site "fics, Oklahoma City, OK USA"]
[Date "2000.02.11"]
[White "XXNoWay"]
[WhiteElo "2283"]
[Black "venomous"]
[BlackElo "2472"]
[TimeControl "60+0"]
[Result "0-1"]

1. d4 e6 2. Nc3 Nc6 3. Nf3 Nf6 4. Bg5 Be7 5. Bxf6 Bxf6 6. e3 
d5 7. Bb5 B@g6 8. Bxc6+ bxc6 9. N@h4 Ba6 10. N@e5 Bxh4 11. Nxg6 hxg6 
12. Nxh4 Rxh4 13. B@g3 Rh8 14. B@d3 Bxd3 15. cxd3 N@f5 16. B@e5 Nxg3 17. fxg3 
B@f6 18. Bxf6 gxf6 19. N@g7+ Kf8 20. B@b7 Kxg7 21. Bxc6 N@f5 22. P@f2 Rb8 
23. e4 dxe4 24. dxe4 Nxd4 25. O-O Nxc6 26. Qxd8 Rbxd8 27. P@g5 B@d4 28. gxf6+ 
Bxf6 29. P@d5 exd5 30. Nxd5 N@h3+ 31. gxh3 N@f3+ 32. Kh1 Rxh3 33. P@h6+ Rxh6 
34. N@g4 P@g2# 
{XXNoWay resigns} 0-1

[Event "fics rated crazyhouse match"]
[Site "fics, Oklahoma City, OK USA"]
[Date "2000.02.11"]
[White "venomous"]
[WhiteElo "2476"]
[Black "XXNoWay"]
[BlackElo "2279"]
[TimeControl "60+0"]
[Result "1-0"]

1. e4 b6 2. d4 Bb7 3. Bd3 e6 4. Be3 Nf6 5. Nd2 Bb4 6. c3 
Be7 7. Ngf3 d5 8. e5 Ne4 9. O-O Nxd2 10. Qxd2 N@e4 11. Qc2 Nd7 
12. Rae1 O-O 13. N@h5 Ng5 14. Bxg5 Bxg5 15. Bxh7+ Kh8 16. P@f6 Nxf6 17. exf6 
Bxf6 18. Nxf6 Qxf6 19. B@g5 
{XXNoWay resigns} 1-0

[Event "fics rated crazyhouse match"]
[Site "fics, Oklahoma City, OK USA"]
[Date "2000.02.11"]
[White "XXNoWay"]
[WhiteElo "2275"]
[Black "venomous"]
[BlackElo "2480"]
[TimeControl "60+0"]
[Result "0-1"]

1. e4 e6 2. Nc3 Nc6 3. Nf3 Nf6 4. Bb5 Bb4 5. e5 Ng4 6. Bxc6 
dxc6 7. O-O Bxc3 8. dxc3 B@d5 9. B@g5 Bxf3 10. Qxf3 Nxe5 11. Qe4 P@f6 
12. Qxe5 fxe5 13. Bxd8 N@h3+ 14. gxh3 Kxd8 15. B@h4+ B@f6 16. Bxf6+ gxf6 17. B@g4 
B@d5 18. f3 Rg8 19. N@h6 Rxg4+ 20. hxg4 N@h3+ 21. Kg2 Bxf3+ 22. Rxf3 Q@g1+ 
23. Kxh3 B@g2+ 24. Kh4 Qxh2+ 25. R@h3 P@g5+ 26. Kh5 P@g6# 
{XXNoWay checkmated} 0-1

[Event "fics rated crazyhouse match"]
[Site "fics, Oklahoma City, OK USA"]
[Date "2000.02.11"]
[White "venomous"]
[WhiteElo "2484"]
[Black "XXNoWay"]
[BlackElo "2271"]
[TimeControl "60+0"]
[Result "1-0"]

1. e4 e5 2. Bc4 Nf6 3. Nc3 Bc5 4. Nf3 O-O 5. O-O d6 6. d3 
h6 7. h3 Nc6 8. Be3 Nd4 9. Nd5 Nxf3+ 10. Qxf3 Bxe3 11. fxe3 N@g5 
12. Nxf6+ gxf6 13. Qxf6 Qxf6 14. Rxf6 N@e2+ 15. Kf2 Q@g3+ 16. Kxe2 Qxg2+ 17. Q@f2 
Qxf2+ 18. Rxf2 P@g7 19. P@e7 Re8 20. Bxf7+ Nxf7 21. P@g6 B@h5+ 22. B@f3 Bxg6 
23. N@h4 P@h7 24. Nxg6 hxg6 25. B@f8 B@a5 26. c3 Q@c2+ 27. Q@d2 Qxd2+ 28. Kxd2 
Q@b5 29. Q@b3 Qxb3 30. axb3 N@c5 31. N@c1 Q@g3 32. Q@g2 Qxg2 33. Rxg2 Bxc3+ 
34. bxc3 Q@b2+ 35. N@c2 P@d4 36. Rxg6 dxe3+ 37. Kxe3 P@f4+ 38. Kd2 Nxb3+ 39. Nxb3 
P@e3+ 40. Kd1 Qxa1+ 41. Ncxa1 R@f1+ 42. Ke2 Rf2+ 43. Ke1 Bxh3 44. Rxg7+ Kh8 
45. Q@h7# 
{XXNoWay checkmated} 1-0

[Event "fics rated crazyhouse match"]
[Site "fics, Oklahoma City, OK USA"]
[Date "2000.02.11"]
[White "XXNoWay"]
[WhiteElo "2267"]
[Black "venomous"]
[BlackElo "2488"]
[TimeControl "60+0"]
[Result "0-1"]

1. e4 e6 2. Nf3 Nc6 3. d4 Nf6 4. d5 exd5 5. exd5 Qe7+ 6. Be2 
Nb4 7. O-O Nbxd5 8. Bg5 d6 9. Qxd5 Nxd5 10. Bxe7 Bxe7 11. Q@e4 Be6 
12. N@h5 B@f8 13. Bc4 Q@g6 14. Bxd5 Bxd5 15. Qxd5 B@c6 16. B@a4 Bxa4 17. N@f4 
B@c6 18. Nxg6 hxg6 19. Qxf7+ Kxf7 20. Ng5+ Bxg5 21. P@e6+ Kxe6 22. Re1+ P@e3 
23. fxe3 N@h3+ 24. Kh1 Q@g1# 
{XXNoWay resigns} 0-1

[Event "fics rated crazyhouse match"]
[Site "fics, Oklahoma City, OK USA"]
[Date "2000.02.11"]
[White "venomous"]
[WhiteElo "2492"]
[Black "XXNoWay"]
[BlackElo "2263"]
[TimeControl "60+0"]
[Result "1-0"]

1. e4 Nf6 2. Nc3 d5 3. exd5 Nxd5 4. Bc4 e6 5. Nh3 Bc5 6. O-O 
Nxc3 7. dxc3 e5 8. Qxd8+ Kxd8 9. N@h5 Bxh3 10. Q@h4+ P@f6 11. Qxh3 N@g5 
12. Bxg5 fxg5 13. Nxg7 N@f4 14. Rad1+ B@d6 15. P@e7+ Kxe7 16. Nf5+ Kd8 17. P@e7+ 
Kc8 18. Nxd6# 
{XXNoWay checkmated} 1-0

[Event "fics rated crazyhouse match"]
[Site "fics, Oklahoma City, OK USA"]
[Date "2000.02.11"]
[White "XXNoWay"]
[WhiteElo "2260"]
[Black "venomous"]
[BlackElo "2495"]
[TimeControl "60+0"]
[Result "0-1"]

1. b3 e6 2. Bb2 Nf6 3. e3 b6 4. Be2 Bb7 5. Nf3 c6 6. O-O 
d6 7. d4 Nbd7 8. Nbd2 Be7 9. e4 O-O 10. e5 Nd5 11. exd6 Bxd6 
12. P@e5 Be7 13. Ne4 Nf4 14. Nd6 Bxd6 15. exd6 P@h3 16. B@e7 hxg2 17. Ng5 
f6 18. Bxd8 fxg5 19. f3 gxf1=Q+ 20. Bxf1 Raxd8 21. P@g2 B@f6 22. d5 Bxb2 
23. dxe6 B@d4+ 24. P@f2 Nf6 25. e7 R@e8 26. exd8=Q Rxd8 27. R@e4 Nxe4 28. fxe4 
Rxd6 29. N@e7+ Kf7 30. Qg4 Kxe7 31. Qxg5+ Bf6 32. Qxf4 Bbe5 33. N@f5+ Kf7 
34. Qxe5 Bxe5 35. Q@e7+ Kg8 36. P@f7+ Rxf7 37. Qxf7+ Kxf7 38. R@e7+ Kf6 39. B@h4+ 
P@g5 40. Bxg5+ Kxg5 41. Rxg7+ Bxg7 42. h4+ Kf6 43. P@g5+ Ke6 44. Bc4+ P@d5 
45. Nxg7+ Kf7 46. B@f5 Kxg7 47. P@f6+ Kf8 48. exd5 B@h2+ 49. Kxh2 P@g3# 
{XXNoWay forfeits on time} 0-1

[Event "fics rated crazyhouse match"]
[Site "fics, Oklahoma City, OK USA"]
[Date "2000.02.11"]
[White "venomous"]
[WhiteElo "2498"]
[Black "XXNoWay"]
[BlackElo "2257"]
[TimeControl "60+0"]
[Result "1-0"]

1. e4 e5 2. Bc4 Nf6 3. Nc3 Bc5 4. Nf3 d6 5. O-O Bg4 6. Bxf7+ 
Kxf7 7. Ng5+ Kf8 8. P@f3 Bd7 9. d3 B@d4 10. Nd5 Nxd5 11. exd5 Bxf2+ 
12. Rxf2 Bxf2+ 13. Kxf2 N@d4 14. N@e6+ Bxe6 15. dxe6 P@f4 16. B@c3 Qxg5 17. Bxd4 
exd4 18. B@g4 B@e3+ 19. Bxe3 fxe3+ 20. Kg1 B@f2+ 21. Kh1 N@g3+ 22. hxg3 R@h2+ 
23. Kxh2 Bxg3+ 24. Kxg3 N@f5+ 25. Kh2 Qh4+ 26. R@h3 P@g3+ 27. Kh1 Qxh3+ 28. gxh3 
R@h2+ 29. Kg1 Rxh3 30. Q@d8# 
{XXNoWay checkmated} 1-0

[Event "fics rated crazyhouse match"]
[Site "fics, Oklahoma City, OK USA"]
[Date "2000.02.11"]
[White "XXNoWay"]
[WhiteElo "2254"]
[Black "venomous"]
[BlackElo "2501"]
[TimeControl "60+0"]
[Result "1-0"]

1. e4 e6 2. Nc3 Nc6 3. Nf3 Nf6 4. Bb5 Bb4 5. e5 Ng4 6. Bxc6 
dxc6 7. O-O B@g6 8. d3 O-O 9. Bg5 f6 10. exf6 gxf6 11. h3 P@h2+ 
12. Nxh2 Nxh2 13. Kxh2 fxg5 14. N@h6+ Kg7 15. Ng4 e5 16. P@h6+ Kg8 17. P@g7 
Rf7 18. N@f6+ Rxf6 19. Nxf6+ Qxf6 20. R@h8+ Kf7 21. g8=Q+ Ke7 22. Qd8+ Ke6 
23. Qg4+ B@f5 24. Qc4+ N@d5 25. Qxf6+ Kxf6 26. Q@g7+ Ke6 27. Nxd5 cxd5 28. N@d8+ 
Kd6 29. Qxb4+ P@c5 30. B@f8+ N@e7 31. Qxe7# 
{venomous checkmated} 1-0

[Event "fics rated crazyhouse match"]
[Site "fics, Oklahoma City, OK USA"]
[Date "2000.02.11"]
[White "venomous"]
[WhiteElo "2488"]
[Black "XXNoWay"]
[BlackElo "2267"]
[TimeControl "60+0"]
[Result "1-0"]

1. e4 d6 2. d4 Nf6 3. Bd3 Nc6 4. Be3 e6 5. Nf3 Be7 6. O-O 
O-O 7. Nc3 Ng4 8. Qe2 Nxe3 9. fxe3 B@g4 10. Rae1 Bxf3 11. Qxf3 f5 
12. exf5 exf5 13. d5 P@e4 14. Nxe4 fxe4 15. Qxe4 N@g5 16. P@f7+ Kh8 17. Qxh7# 
{XXNoWay resigns} 1-0

[Event "fics rated crazyhouse match"]
[Site "fics, Oklahoma City, OK USA"]
[Date "2000.02.11"]
[White "XXNoWay"]
[WhiteElo "2263"]
[Black "venomous"]
[BlackElo "2492"]
[TimeControl "60+0"]
[Result "1-0"]

1. e4 e6 2. Nc3 Nc6 3. Nf3 Nf6 4. Bb5 Bb4 5. e5 Ng4 6. d4 
O-O 7. O-O Bxc3 8. bxc3 N@e4 9. Qe1 d5 10. exd6 Nxd6 11. Bxc6 bxc6 
12. B@e5 Nxe5 13. dxe5 Nf5 14. P@f6 gxf6 15. exf6 Qxf6 16. N@g4 Qxc3 17. Qxc3 
{venomous resigns} 1-0

[Event "fics rated crazyhouse match"]
[Site "fics, Oklahoma City, OK USA"]
[Date "2000.02.11"]
[White "venomous"]
[WhiteElo "2479"]
[Black "XXNoWay"]
[BlackElo "2276"]
[TimeControl "60+0"]
[Result "1-0"]

1. e4 e5 2. Bc4 Nf6 3. d3 Bc5 4. Bg5 O-O 5. Nf3 h6 6. Bxf6 
Qxf6 7. N@d5 Qg6 8. Rg1 B@g4 9. Nxe5 Bxd1 10. Kxd1 Qh5+ 11. Nf3 Bxf2 
12. P@e7 Re8 13. Rf1 Bh4 14. Nbc3 P@g4 15. Nxc7 gxf3 16. gxf3 N@e3+ 17. Ke2 
Nxf1 18. Rxf1 Q@e3+ 19. Kxe3 Bg5+ 20. Kf2 Qxh2+ 21. Q@g2 P@g3+ 22. Ke1 Qxg2 
23. Bxf7+ Kxf7 24. N@e5+ Kf6 25. Ng4+ Kf7 26. Ne5+ Kxe7 27. N3d5+ Kd6 28. Nc4+ 
Kc5 29. B@b4+ Kd4 30. P@c3# 
{XXNoWay checkmated} 1-0

[Event "fics rated crazyhouse match"]
[Site "fics, Oklahoma City, OK USA"]
[Date "2000.02.11"]
[White "XXNoWay"]
[WhiteElo "2272"]
[Black "venomous"]
[BlackElo "2483"]
[TimeControl "60+0"]
[Result "1-0"]

1. e4 e6 2. Nc3 Nc6 3. Nf3 Nf6 4. Bb5 Bb4 5. e5 Bxc3 6. dxc3 
Nd5 7. B@h4 f6 8. Bxc6 dxc6 9. N@h5 B@f8 10. exf6 gxf6 11. Bxf6 Qxf6 
12. Nxf6+ Nxf6 13. Q@d8+ Kf7 14. Ne5+ Kg7 15. P@h6+ Kg8 16. P@f7# 
{venomous checkmated} 1-0

[Event "fics rated crazyhouse match"]
[Site "fics, Oklahoma City, OK USA"]
[Date "2000.02.11"]
[White "venomous"]
[WhiteElo "2471"]
[Black "XXNoWay"]
[BlackElo "2284"]
[TimeControl "60+0"]
[Result "0-1"]

1. e4 Nf6 2. e5 Nd5 3. d4 d6 4. Nf3 dxe5 5. dxe5 Bg4 6. Be2 
e6 7. O-O Bc5 8. Nc3 O-O 9. Ne4 Be7 10. P@f6 Nxf6 11. exf6 Bxf6 
12. Qxd8 Bxd8 13. N@e5 Bxf3 14. Bxf3 P@f6 15. Nxf7 Rxf7 16. B@e8 Rf8 17. P@f7+ 
Kh8 18. Q@c8 N@e5 19. Nd2 N@g5 20. Bxb7 P@f3 21. Bxf3 Nexf3+ 22. Nxf3 Nxf3+ 
23. Kh1 P@h3 24. N@f4 hxg2+ 25. Nxg2 B@h3 26. Rg1 Nxg1 27. Qb7 Bxg2+ 28. Qxg2 
P@f3 29. Qxg7+ Kxg7 30. P@h6+ Kg6 31. P@h5+ Kxh5 32. P@g4+ Kxg4 33. h3+ Kxh3 
34. Kxg1 Q@g2# 
{venomous checkmated} 0-1